 Dungeon Crawl Stone Soup version 0.27.1-2-g3b301248ec (webtiles) character file.

Game seed: 3385994734945215936

30 VictoriousLee the Caller (level 3, 0/19 HPs)
             Began as a Tengu Summoner on Sept 29, 2021.
             Hit by a boomerang thrown by an orc (2 damage)
             ... on level 4 of the Dungeon.
             The game lasted 00:05:51 (956 turns).

VictoriousLee the Caller (Tengu Summoner)            Turns: 956, Time: 00:05:52

Health: 0/19       AC:  2    Str:  8    XL:     3   Next: 18%
Magic:  1/7        EV: 12    Int: 16    God:
Gold:   28         SH:  0    Dex: 14    Spells: 3/6 levels left

rFire    . . .     SeeInvis .   b - +0 dagger
rCold    . . .     Faith    .   (no shield)
rNeg     . . .     Spirit   .   a - +0 robe
rPois    .         Reflect  .   (helmet restricted)
rElec    .         Harm     .   (no cloak)
rCorr    .         Rampage  .   (no gloves)
Will     .....                  (boots unavailable)
Stlth    ++........             (no amulet)
HPRegen  0.06/turn              (no ring)
MPRegen  0.10/turn              (no ring)

@: no status effects
A: beak, talons 3
a: no special abilities


You were on level 4 of the Dungeon.
You visited 1 branch of the dungeon, and saw 3 of its levels.

You collected 28 gold pieces.

Inventory:

Hand Weapons
 b - a +0 dagger (weapon)
Armour
 a - a +0 robe (worn)
 d - a +0 buckler
 g - a +0 leather armour
Scrolls
 c - 2 scrolls of identify {unknown}
 f - a scroll of enchant armour {unknown}
Potions
 e - a potion of heal wounds {unknown}
 h - 2 potions of curing {unknown}


   Skills:
 - Level 2.1 Dodging
 - Level 2.0 Stealth
 - Level 2.0 Spellcasting
 - Level 6.0 Summonings
 + Level 0.7 Air Magic


You had 3 spell levels left.
You knew the following spells:

 Your Spells              Type           Power      Damage    Failure   Level
a - Call Imp              Summ           20%        N/A       2%          2
b - Summon Small Mammal   Summ           80%        N/A       1%          1

Your spell library contained the following spells:

 Spells                   Type           Power      Damage    Failure   Level
 Call Canine Familiar     Summ           20%        N/A       5%          3
 Summon Guardian Golem    Hex/Summ       11%        N/A       19%         3
 Summon Lightning Spire   Summ/Air       12%        N/A       45%         4
 Orb of Destruction       Conj           0%         N/A       100%        7
 Spellforged Servitor     Conj/Summ      5%         N/A       100%        7


Dungeon Overview and Level Annotations

Branches:
Dungeon (2/15)

Altars:
Hepliaklqana

Shops:
D:1 *!


Innate Abilities, Weirdness & Mutations

You have a beak for a mouth.
You have claws for feet.


Message History

The orc writhes in agony.
The orc barely misses you.
You hit the orc but do no damage. Your peck misses the orc.
The orc is severely wounded.
The quokka misses your shadow imp.
Your crimson imp hits the orc but does no damage.
The quokka bites your shadow imp.
The orc priest hits your shadow imp with a +0 mace.
The orc closely misses your crimson imp.
Your shadow imp barely misses the orc priest.
You hit the orc but do no damage. You claw the orc, but do no damage.
The orc is severely wounded.
Your crimson imp closely misses the orc.
The quokka bites your shadow imp. The orc priest misses your shadow imp.
Your shadow imp closely misses the quokka.
The orc barely misses you.
You hit the orc but do no damage. Your kick misses the orc.
The orc is severely wounded.
Your crimson imp blinks!
The quokka bites your shadow imp.
Your shadow imp dies!
The orc closely misses you.
Your iron imp disappears in a puff of smoke!
Your crimson imp blinks!
Found a book of Pain.
Found an escape hatch in the ceiling.
The orc priest calls down the wrath of Beogh upon you.
Beogh smites you!
Ouch! That really hurt!
* * * LOW HITPOINT WARNING * * *
A black bear and a hobgoblin come into view.
Your crimson imp blinks! 2 jackals and a gnoll come into view.
Found a scroll labelled QIOGAE MIEH.
Found a stone staircase leading up.
A jackal comes into view.
The hobgoblin shouts!
The jackal barks!
The black bear growls angrily.
Your crimson imp disappears in a puff of smoke!
An orc comes into view. It is wielding a +0 short sword.
The jackal barks!
The orc shouts!
You hear a bark!
A jackal comes into view.
The orc throws a boomerang.
The boomerang hits you.
You die...

≈≈≈≈≈≈....≈≈≈≈≈
≈≈≈≈≈≈≈....≈≈≈≈≈
≈≈≈≈≈≈≈≈....≈≈h≈≈
...............o.
#....g.........#
#.....g<:......###
#.......h...h<....
#.......h.@....#
#..h.....o?#####
#......r...#
####..o####
#......# #.W#...#
#..##### #...#
##..#


You could see a phantom, a black bear, a gnoll, 3 orcs, a quokka, 4 jackals and
a hobgoblin.

Vanquished Creatures
  An orc (D:4)
  2 endoplasms
  2 giant cockroaches (D:1)
  A goblin (D:2)
  A hobgoblin (D:4)
  A quokka (D:2)
  A bat (D:2)
  A frilled lizard (D:2)
  A kobold (D:2)
  3 rats (D:2)
14 creatures vanquished.

Vanquished Creatures (collateral kills)
  An adder (D:2)
  3 ball pythons
  An endoplasm (D:2)
  2 goblins
  A hobgoblin (D:2)
  3 kobolds
  A frilled lizard (D:2)
12 creatures vanquished.

Grand Total: 26 creatures vanquished

Notes
Turn   | Place    | Note
-------+----------+-------------------------------------------
     0 | D:1      | VictoriousLee the Tengu Summoner began the quest for the
                  | Orb.
     0 | D:1      | Reached XP level 1. HP: 10/10 MP: 4/4
    95 | D:1      | Reached skill level 5 in Summonings
   121 | D:1      | Found Iffoxt's Assorted Antiques.
   132 | D:1      | Found Cuhenak's Distillery.
   279 | D:1      | You fall into a shaft and drop 1 floor!
   405 | D:2      | Reached XP level 2. HP: 13/15 MP: 4/6
   408 | D:2      | Learned a level 2 spell: Call Imp
   594 | D:2      | Found a hazy altar of Hepliaklqana.
   873 | D:2      | Reached XP level 3. HP: 19/19 MP: 7/7
   908 | D:2      | You fall into a shaft and drop 2 floors!
   915 | D:4      | Reached skill level 6 in Summonings
   930 | D:4      | Noticed a phantom
   952 | D:4      | Noticed a black bear
   956 | D:4      | Hit by a boomerang thrown by an orc

Illustrated notes

Levels and vault maps discovered:
D:1:      sevenhm_arrival_forest_fort_large_4, layout_basic, serial_glass,
          glass_columns_a, glass_columns_b, serial_shops, shop_statue, shop,
          shop_statue, nicolae_shop_stone, shop_statue
D:2:      layout_loops_ring, basic_altar, grunt_ministairs_1,
          guppyfry_early_orc_mine
D:4:      lemuel_castle_with_subvaults [lemuel_castle_interior_carwin_3],
          layout_rooms, minmay_temple_entry_poolview, dk_noncrumbling_2,
          minmay_lizard_king, uniq_menkaure

Skill      XL: |  1  2  3 |
---------------+----------+-----
Summonings     | 5 6 |  6.0
Dodging        | |  2.1
Stealth        | |  2.0
Spellcasting   | |  2.0
Air Magic      | |  0.7

Action                   || total
-------------------------++-------
Melee: Dagger            ||    44
       Kick              ||    14
       Unarmed           ||     3
       Peck              ||     6
 Cast: Summon Small Mamm ||     6
       Call Imp          ||    14
 Stab: Sleeping          ||     3
       Distracted        ||     1
Armor: Robe              ||     6
Dodge: Dodged            ||    28
